 Dungeon Crawl Stone Soup version 0.28.0 (webtiles) character file.

Game seed: 8500807643438256695

6 RepoMan the Magician (level 1, 0/13 HPs)
             Began as a Mummy Fire Elementalist on Feb 8, 2022.
             Slain by a giant cockroach (1 damage)
             ... on level 1 of the Dungeon.
             The game lasted 00:02:11 (261 turns).

RepoMan the Magician (Mummy Fire Elementalist)       Turns: 261, Time: 00:02:11

Health: 0/13       AC:  2    Str: 11    XL:     1   Next: 75%
Magic:  1/4        EV: 12    Int: 14    God:
Gold:   4          SH:  0    Dex: 12    Spells: 4/5 levels left

rFire   x . .      SeeInvis .   (no weapon)
rCold   + . .      Faith    .   (no shield)
rNeg    + + +      Spirit   .   a - +0 robe
rPois   ∞          Reflect  .   (no helmet)
rElec   .          Harm     .   (no cloak)
rCorr   .          Rampage  .   (no gloves)
Will    .....                   (no boots)
Stlth   ++........              (no amulet)
HPRegen 0.04/turn               (no ring)
MPRegen 0.09/turn               (no ring)

@: no status effects
A: cold resistance 1, negative energy resistance 3, torment resistance 2, heat
vulnerability 1, no potions
a: no special abilities


You were on level 1 of the Dungeon.
You visited 1 branch of the dungeon, and saw 1 of its levels.

You collected 4 gold pieces.

Inventory:

Armour
 a - a +0 robe (worn)


   Skills:
 - Level 1.5 Dodging
 - Level 1.5 Stealth
 + Level 2.8 Spellcasting
 + Level 1.0 Conjurations
 * Level 2.6 Fire Magic


You had 4 spell levels left.
You knew the following spells:

 Your Spells              Type           Power      Damage    Failure   Level
f - Foxfire               Conj/Fire      28%        2x1d5     11%         1

Your spell library contained the following spells:

 Spells                   Type           Power      Damage    Failure   Level
 Scorch                   Fire           18%        2d6       11%         2
 Conjure Flame            Conj/Fire      7%         6-21      30%         3
 Inner Flame              Hex/Fire       5%         N/A       36%         3
 Frozen Ramparts          Ice            4%         1d2       54%         3
 Flame Wave               Conj/Fire      7%         2d5       71%         4
 Summon Ice Beast         Ice/Summ       2%         N/A       91%         4
 Ice Form                 Ice/Tmut       Unusable   N/A       N/A         4

Dungeon Overview and Level Annotations

Branches:
Dungeon (1/15)

Altars:


Innate Abilities, Weirdness & Mutations

You are immune to poison.
Your flesh is cold resistant. (rC+)
You are immune to negative energy. (rN+++)
You are immune to unholy pain and torment.
You are vulnerable to heat. (rF-)
You do not drink.


Message History

Your foxfire dissipates!
The foxfire hits the ball python.
You kill the ball python!
You conjure some foxfire!
The jackal closely misses you. The jackal bites you.
You barely miss the jackal.
The foxfire hits the jackal.
The jackal is heavily wounded.
The jackal bites you. The jackal completely misses you.
The jackal barely misses you. The jackal barely misses you.
You hit the jackal but do no damage.
The jackal is heavily wounded.
The jackal barely misses you. The jackal bites you.
* * * LOW HITPOINT WARNING * * *
Unknown command.
The jackal closely misses you. The jackal barely misses you.
The jackal barely misses you.
You are too injured to fight recklessly!
Casting: Foxfire (safe; 11% risk of failure)
Confirm with . or Enter, or press ? or * to list all spells.
You conjure some foxfire!
The jackal closely misses you.
The foxfire hits the jackal.
The jackal is almost dead.
The foxfire hits the jackal but does no damage.
The jackal is almost dead.
The jackal misses you.
Unknown command.
As you read the scroll labelled LOACEE INKA, it crumbles to dust.
The creatures around you are filled with an inner flame!
It was a scroll of immolation.
The jackal barely misses you.
Found 12 gold pieces.
The jackal misses you.
The giant cockroach bites you but does no damage.
The jackal bites you.
* * * LOW HITPOINT WARNING * * *
Unknown command.
The giant cockroach bites you.
You die...

# # ### # ###########.#
##
#...........###########.
#.......................
#.$..h..g...########...#
#####g#####.# #.###
#.B@.#..# ######.# #
####.#..# #..B...###
#.#..###†#######.
#.#..##..# ###.
#....##g## #.
######.....B# ##.
#...........# ..
#....#..###.##.#
#..............#h#


You could see a giant cockroach (inner flame) and a goblin (inner flame).

Vanquished Creatures
  2 hobgoblins (D:1)
  A jackal (D:1)
  A quokka (D:1)
  A ball python (D:1)
5 creatures vanquished.

Vanquished Creatures (others)
  19 foxfires (D:1)
19 creatures vanquished.

Grand Total: 24 creatures vanquished

Notes
Turn   | Place    | Note
-------+----------+-------------------------------------------
     0 | D:1      | RepoMan the Mummy Fire Elementalist began the quest for the
                  | Orb.
     0 | D:1      | Reached XP level 1. HP: 13/13 MP: 4/4
   224 | D:1      | Reached skill level 1 in Conjurations
   261 | D:1      | Slain by a giant cockroach

Illustrated notes

Levels and vault maps discovered:
D:1:      roderic_crossed_star, layout_rooms, minmay_heptomino_d4

Skill      XL: |  1 |
---------------+----+-----
Conjurations   | 1 |  1.0
Dodging        | |  1.5
Stealth        | |  1.5
Spellcasting   | |  2.8
Fire Magic     | |  2.6

Action                   || total
-------------------------++-------
Melee: Unarmed           ||     2
 Cast: Foxfire           ||    12
  Use: Scroll            ||     1
Armor: Robe              ||     3
Dodge: Dodged            ||    19
